 Dungeon Crawl Stone Soup version 0.29.1-1-gd02db6906a (webtiles) character file.

Game seed: 6141553171635549211

139 MisterFreud the Twirler (level 5, -1/39 HPs)
             Began as a Formicid Gladiator on Sept 22, 2022.
             Splashed by a jelly's acid (6 damage)
             ... on level 3 of the Dungeon.
             The game lasted 00:02:39 (2984 turns).

MisterFreud the Twirler (Formicid Gladiator)        Turns: 2984, Time: 00:02:40

Health: -1/39      AC: -13   Str: 20    XL:     5   Next: 46%
Magic:  5/5        EV: 12    Int:  8    God:
Gold:   99         SH:  0    Dex: 15    Spells: 4/4 levels left

rFire   . . .      SeeInvis +   a - +0 quarterstaff
rCold   . . .      Faith    .   (no shield)
rNeg    . . .      Spirit   .   b - +0 leather armour
rPois   .          Reflect  .   (helmet unavailable)
rElec   .          Harm     .   (no cloak)
rCorr   .          Rampage  .   (no gloves)
Will    .....                   (no boots)
Stlth   +.........              (no amulet)
HPRegen 0.13/turn               (no ring)
MPRegen 0.09/turn               (no ring)

@: corroded, attractive
A: permanent stasis, dig shafts and tunnels, antennae 3, four strong arms
a: Dig, Shaft Self


You were on level 3 of the Dungeon.
You visited 1 branch of the dungeon, and saw 3 of its levels.

You collected 183 gold pieces.
You spent 84 gold pieces at shops.

Inventory:

Hand Weapons
 a - a +0 quarterstaff (weapon)
Missiles
 c - 4 throwing nets (quivered)
 d - a javelin
 i - 6 datura-tipped darts
 m - 6 boomerangs
 t - 9 poisoned darts
Armour
 b - a +0 leather armour (worn)
 r - a +0 kite shield
Scrolls
 e - a scroll of noise {unknown}
 f - a scroll of fog
 h - a scroll of blinking {unknown}
 j - a scroll of magic mapping {unknown}
 k - a scroll of enchant armour {unknown}
 n - a scroll of poison
Potions
 g - a potion of berserk rage {unknown}
 l - 3 potions of heal wounds
 o - a potion of attraction
 p - a potion of invisibility {unknown}
 q - a potion of magic {unknown}
 s - a potion of haste {unknown}


   Skills:
 - Level 2.4 Fighting
 + Level 5.4 Staves
 - Level 2.1 Throwing
 - Level 2.8 Dodging


You had 4 spell levels left.
You didn't know any spells.
Your spell library contained the following spells:

 Spells                   Type           Power      Damage    Failure   Level
 Portal Projectile        Hex/Tloc       0%         N/A       83%         3
 Tukima's Dance           Hex            0%         N/A       83%         3
 Blade Hands              Tmut           0%         N/A       100%        5


Dungeon Overview and Level Annotations

Branches:
Dungeon (3/15)

Altars:

Shops:
D:2 *


Innate Abilities, Weirdness & Mutations

You cannot be hasted, slowed, berserked, paralysed or teleported.
You can dig through walls and to a lower floor.
You have a pair of large antennae on your head. (SInv)
Your four strong arms can wield two-handed weapons with a shield.


Message History

The adder is severely wounded.
The adder misses you.
You thump the adder!
You kill the adder!
You closely miss the ball python. The ball python misses you.
The ball python grabs you. The ball python constricts you.
The ball python closely misses you. The ball python constricts you.
You closely miss the ball python. The ball python bites you.
The ball python constricts you.
Unknown command.
You closely miss the ball python.
The ball python bites you but does no damage.
The ball python constricts you.
The jelly jiggles.
Unknown command.
You hit the ball python.
You kill the ball python!
You hit the jelly. The acid corrodes you!
Your hands burn!
The jelly is lightly wounded.
The jelly barely misses you.
You barely miss the jelly.
The jelly is lightly wounded.
The jelly hits you.
You are splashed with acid!
You hit the jelly but do no damage. The acid corrodes you!
Your hands burn!
The jelly is lightly wounded.
The jelly hits you. The acid corrodes you!
You are splashed with acid!
* * * LOW HITPOINT WARNING * * *
You are too injured to fight recklessly!
As you read the scroll labelled TOTHUCS KUHE, it crumbles to dust.
The scroll dissolves into smoke.
It was a scroll of fog.
The jelly closely misses you.
The air fills with toxic fumes!
As you read the scroll labelled XUPHOD VURE, it crumbles to dust.
It was a scroll of poison.
The jelly misses you.
It was a potion of attraction.
You feel attractive to monsters. The jelly hits you.
* * * LOW HITPOINT WARNING * * *
The acid corrodes you!
You are splashed with acid.
You die...

#####..................)).......#
....####.#########.######(......#
....## #.##......#.#.####.......#
.....###.#..#...##.#...##.....<.#
.........#####.##..#...##.#######
.....###.....#'#...#)§..#.####
.....# #.##........#§...#....#
..)..# #.###.....§.§###.#....#
.....###.#.#....@§§..####....#
.....##..#.'#...§J§§.........#
.........#.#....§§§§§####....#
÷.####...###§§§§.§§§## #....# ..#
###.##§§§§§.§§#§...#....# ..#
#...§§#§#...#§§..#..##### ###
##.#####.##..#...##......#
#######..#..#.).##.#...##.####.#
.........##......#.#.####.##


You could see a jelly.

Vanquished Creatures
  A hound (D:3)
  An iguana (D:3)
  3 adders
  3 orcs (D:3)
  9 ball pythons
  2 bats
  An endoplasm (D:3)
  5 giant cockroaches
  4 goblins
  5 hobgoblins
  4 kobolds
  3 quokkas
  9 frilled lizards
  5 rats
55 creatures vanquished.

Notes
Turn   | Place    | Note
-------+----------+-------------------------------------------
     0 | D:1      | MisterFreud the Formicid Gladiator began the quest for the
                  | Orb.
     0 | D:1      | Reached XP level 1. HP: 16/16 MP: 1/1
   451 | D:1      | Reached XP level 2. HP: 23/23 MP: 2/2
   863 | D:2      | Found a faded altar of an unknown god.
  1129 | D:2      | Reached XP level 3. HP: 26/28 MP: 3/3
  1419 | D:2      | Found Hulokhluc's Assorted Antiques.
  1426 | D:2      | Bought a scroll labelled KIEMOV HEBE for 30 gold pieces
  1426 | D:2      | Bought a smoky dark potion for 27 gold pieces
  1426 | D:2      | Bought a smoky white potion for 27 gold pieces
  1532 | D:2      | Reached skill level 4 in Staves
  2156 | D:3      | Reached XP level 4. HP: 29/34 MP: 4/4
  2520 | D:3      | Reached skill level 5 in Staves
  2520 | D:3      | Reached XP level 5. HP: 39/39 MP: 5/5
  2984 | D:3      | Splashed by a jelly's acid

Illustrated notes

Levels and vault maps discovered:
D:1:      minmay_arrival_doors, layout_loops_ring, lemuel_flame_loot_1
D:2:      minmay_razor_zed, layout_basic, serial_shops, nicolae_diamond_shop,
          hellmonk_ecumenical_altar_pennies_from_heaven
D:3:      layout_basic, minmay_pentangle

Skill      XL: |  1  2  3  4 |
---------------+-------------+-----
Staves         | 4 5 |  5.4
Fighting       | |  2.4
Throwing       | |  2.1
Dodging        | |  2.8

Action                   |  1- 3 |  4- 6 || total
-------------------------+-------+-------++-------
Melee: Quarterstaff      |    92 |    59 ||   151
  Use: Scroll            |     1 |     2 ||     3
       Potion            |       |     1 ||     1
 Stab: Sleeping          |     2 |     1 ||     3
Armor: Leather armour    |    18 |    22 ||    40
Dodge: Dodged            |    60 |    42 ||   102
